 Dungeon Crawl Stone Soup version 0.31-a0-774-g0d66cbabe8 (webtiles) character file.

Game seed: 7083782906748150225

139 cforsyth the Trooper (level 5, -5/42 HPs)
             Began as a Djinni Delver on Sept 18, 2023.
             Killed by divine providence
             ... invoked by an orc priest
              (15 damage)
             ... on level 4 of the Dungeon.
             The game lasted 00:01:32 (707 turns).

cforsyth the Trooper (Djinni Delver)                 Turns: 707, Time: 00:01:32

Health: -5/42      AC:  3    Str: 11    XL:     5   Next: 46%
Gold:   37         EV: 17    Int: 16    God:
                   SH:  0    Dex: 15

rFire   + + +        a - +0 falchion
rCold   x . .        (no shield)
rNeg    . . .        b - +0 leather armour
rPois   ∞            (no helmet)
rElec   .            (no cloak)
rCorr   .            (no gloves)
SInv    .            (boots unavailable)
Will    .....        (no amulet)
Stlth   ++           i - ring "Sees" {rF+ EV+5 Int+3}
HPRegen 0.27/turn    (no ring)
MPRegen 0.00/turn

%: infuse magic (-6 HP)
@: flying
A: sickness immunity, fire resistance 2, cold vulnerability 1, float, innate
caster, HP casting, extra vitality 1
a: no special abilities


You were on level 4 of the Dungeon.
You visited 1 branch of the dungeon, and saw 3 of its levels.

You collected 37 gold pieces.

Inventory:

Hand Weapons
 a - a +0 falchion (weapon)
Armour
 b - a +0 leather armour (worn)
Jewellery
 i - the ring "Sees" (left hand) {rF+ EV+5 Int+3}
   (You found it on level 4 of the Dungeon)

   [ring of evasion]

   EV+5:      It affects your evasion (+5).
   Int+3:     It affects your intelligence (+3).
   rF+:       It protects you from fire.
Wands
 e - a wand of mindburst (8)
 g - a wand of digging (3)
 h - a wand of roots (11)
Scrolls
 c - a scroll of fog
 d - a scroll of revelation
Potions
 f - a potion of haste


   Skills:
 + Level 4.5 Fighting
 - Level 1.7 Long Blades
 - Level 2.1 Dodging
 - Level 4.1 Stealth
 + Level 2.2 Spellcasting
 + Level 2.2 Conjurations
 + Level 2.2 Hexes
   Level 0.0 Charms
 + Level 2.2 Summonings
 + Level 2.2 Necromancy
 + Level 2.2 Translocations
 + Level 2.2 Transmutations
 + Level 2.2 Fire Magic
 + Level 2.2 Ice Magic
 + Level 2.2 Air Magic
 + Level 2.2 Earth Magic
 + Level 2.2 Poison Magic


You knew the following spells:

 Your Spells              Type           Power      Damage    Failure   Level
a - Foxfire               Conj/Fire      36%        2x1d5     11%         1
b - Jinxbite              Hex            18%        N/A       16%         2
Your spell library was empty.

Dungeon Overview and Level Annotations

Branches:
Dungeon (5/15)
 Temple: D:4-7

Altars:

Shops:
D:5 *


Innate Abilities, Weirdness & Mutations

You are immune to sickness and miasma.
You are immune to poison.
Your flesh is very heat resistant. (rF++)
You are vulnerable to cold. (rC-)
You float through the air rather than walking.
You learn spells naturally, not from books.
Your magical power is your life essence.
You have superior vitality. (+4 MHP)


Message History

You hit the orc but do no damage.
The orc is heavily wounded.
The orc completely misses you.
You hit the orc.
You kill the orc!
No target in view!
No target in view!
No target in view!
No target in view!
No target in view!
No target in view!
An orc comes into view. It is wielding a +0 hand axe.
An orc is nearby!
An orc comes into view. It is wielding a +0 dagger.
The orc shouts!
You hear a shout!
The orc priest shouts!
You slash the orc!
You kill the orc!
You slash the orc!
You kill the orc!
The orc priest looks braver for a moment.
Things that are here:
a +0 dagger; a +0 hand axe; an orc corpse The orc priest invokes the aid of Beogh against you.
Beogh smites you!
You hit the orc priest.
The orc priest is lightly wounded.
The orc priest hits you with a +0 short sword.
* * * LOW HITPOINT WARNING * * *
Aiming: Mindburst
Press: ? - help, Shift-Dir - straight line, f - orc priest
Aim: an orc priest, wielding a +0 short sword (lightly wounded, chance to affect: 64%)
The orc priest's mind is blasted!
The orc priest misses you.
Aiming: Mindburst
Press: ? - help, Shift-Dir - straight line, f/p - orc priest
Aim: an orc priest, wielding a +0 short sword (severely wounded, chance to affect: 64%)
The orc priest struggles to resist.
The orc priest mumbles some strange prayers to Beogh against you.
Beogh smites you!
You die...

##+#####.......# #.........#
..... #...#.....# ....#
###########'### ...###
##.............###########....#
.#.............#.........#....#
.#..........[..#.........#....#
.#..........>..#.........#....#
.#.............'@........#..<.#
.#.............#o.)....).'....#
'#.............##'########....#
.......#####....#...#....)#####
.......'...#....#...+.....#
.......#...#....#...#.....#
.......#####(...#...#.....#
...)............#...#.....#
.....[..........#...#S....#


You could see an orc priest.

Vanquished Creatures
  A water moccasin (D:4)
  2 adders (D:4)
  4 orcs (D:4)
  An endoplasm (D:4)
  3 hobgoblins (D:4)
  2 jackals (D:4)
  A ball python (D:4)
  A kobold (D:4)
15 creatures vanquished.

Vanquished Creatures (others)
  6 foxfires (D:4)
6 creatures vanquished.

Grand Total: 21 creatures vanquished

Notes
Turn   | Place    | Note
-------+----------+-------------------------------------------
     0 | D:5      | cforsyth the Djinni Delver began the quest for the Orb.
     0 | D:5      | Reached XP level 1. HP: 20/20 MP: 0/0
    55 | D:5      | Found Unkonid's General Store.
   168 | D:4      | Reached XP level 2. HP: 24/25 MP: 0/0
   178 | D:4      | Reached skill level 1 in Spellcasting
   178 | D:4      | Reached skill level 1 in Conjurations
   178 | D:4      | Reached skill level 1 in Hexes
   178 | D:4      | Reached skill level 1 in Summonings
   178 | D:4      | Reached skill level 1 in Necromancy
   178 | D:4      | Reached skill level 1 in Translocations
   178 | D:4      | Reached skill level 1 in Transmutations
   178 | D:4      | Reached skill level 1 in Fire Magic
   178 | D:4      | Reached skill level 1 in Ice Magic
   178 | D:4      | Reached skill level 1 in Air Magic
   178 | D:4      | Reached skill level 1 in Earth Magic
   178 | D:4      | Reached skill level 1 in Poison Magic
   206 | D:4      | Noticed a water moccasin
   209 | D:4      | Reached XP level 3. HP: 30/30 MP: 0/0
   209 | D:4      | Learned a level 1 spell: Foxfire
   577 | D:4      | Identified the ring "Sees" {rF+ EV+5 Int+3}
   605 | D:4      | Killed a water moccasin
   606 | D:4      | Reached XP level 4. HP: 38/38 MP: 0/0
   606 | D:4      | Reached XP level 5. HP: 42/42 MP: 0/0
   606 | D:4      | Learned a level 2 spell: Jinxbite
   707 | D:4      | Killed from afar by an orc priest

Illustrated notes

Levels and vault maps discovered:
D:3:      minmay_spotlight, layout_loops_cross, nicolae_dithmenos_shadow_blocks,
          minmay_snake_closets
D:4:      layout_gridville, nicolae_overflow_hallway_of_the_gods
D:5:      layout_layer_cave, vehumet_crystals, kiku_gazebo_garden_becter,
          minmay_temple_entry_fiery, serial_shops,
          nicolae_shop_tiny_statue_garden, st_stairs_2, serial_park_tiny_pond

Skill      XL: |  1  2  3 |
---------------+----------+-----
Spellcasting   | 1 2 |  2.2
Conjurations   | 1 2 |  2.2
Hexes          | 1 2 |  2.2
Summonings     | 1 2 |  2.2
Necromancy     | 1 2 |  2.2
Translocations | 1 2 |  2.2
Transmutations | 1 2 |  2.2
Fire Magic     | 1 2 |  2.2
Ice Magic      | 1 2 |  2.2
Air Magic      | 1 2 |  2.2
Earth Magic    | 1 2 |  2.2
Poison Magic   | 1 2 |  2.2
Fighting       | 4 |  4.5
Long Blades    | |  1.7
Dodging        | |  2.1
Stealth        | |  4.1

Action                     |  1- 3 |  4- 6 || total
---------------------------+-------+-------++-------
  Melee: Falchion          |    33 |    18 ||    51
   Cast: Foxfire           |     3 |       ||     3
  Evoke: Wand              |     2 |     2 ||     4
    Use: Scroll            |     1 |       ||     1
   Stab: Sleeping          |     3 |       ||     3
 Armour: Leather armour    |    22 |     7 ||    29
  Dodge: Dodged            |    28 |    13 ||    41

Table legend: (Time is in decaauts)
 A = Elapsed time spent in this place.
 B = Non-inter-level travel time spent in this place.
 C = Inter-level travel time spent in this place.
 D = Time resting spent in this place.
 E = Time spent auto-exploring this place.
 F = Levels seen in this place.
 G = Mean time per level.
                   A        B        C        D        E       F      G
               +--------+--------+--------+--------+--------+-----+--------+
         Total |    717 |    717 |      0 |    102 |    427 |   3 |  239.0 |
       Dungeon |    717 |    717 |      0 |    102 |    427 |   3 |  239.0 |
               +--------+--------+--------+--------+--------+-----+--------+

Top non-repeatable levels by time:
     D:4: 581 daAuts
     D:5: 70 daAuts
     D:3: 65 daAuts
